Americans vs Phantoms
Created - November 16, 2024 at 20:33
Goals
|
| Americans |
0 |
3 |
1 |
4 |
| Phantoms |
0 |
2 |
3 |
5 |
|
Shots
|
| Americans |
9 |
20 |
6 |
35 |
| Phantoms |
9 |
13 |
13 |
35 |
|
1st period
No Goal
Penalties :
Rinat Valiev (Leh) for Tripping (Minor) at 6:25, Cristoval Nieves (Leh) for Roughing (Minor) at 13:33, Ty Smith (Leh) for Hooking (Minor) at 16:35
2nd period
1. Americans , Ryan Fitzgerald 7 (Justin Bailey 9, Kevin Fiala 9) at 1:22
2. Phantoms , Rinat Valiev 4 (Brett Murray 2, Laurent Dauphin 1) at 6:56
3. Americans , Alex Schoenborn 2 (Matt Grzelcyk 6, Spencer Stastney 1) at 11:10
4. Phantoms , Mikko Lehtonen 4 (Rem Pitlick 7, Blake Heinrich 1) at 12:02
5. Americans , Michael McCarron 3 (Justin Bailey 10, Teemu Pulkkinen 5) at 17:03
Penalties :
Michael McCarron (Roc) for Hooking (Minor) at 14:44
3rd period
6. Phantoms , Brett Murray 2 (Oliver Wahlstrom 1, Riley Stillman 2) at 5:28
7. Phantoms , David Kampf 2 (Rem Pitlick 8, Blake Heinrich 2) at 9:22
8. Phantoms , Cristoval Nieves 3 (Rem Pitlick 9) at 9:36
9. Americans , Ryan Fitzgerald 8 (Justin Bailey 11, Kevin Fiala 10) at 12:34 (PP)
Penalties :
Justin Bailey (Roc) for Holding Stick (Minor) at 3:12, Rem Pitlick (Leh) for Tripping (Minor) at 12:29, Spencer Stastney (Roc) for Hooking (Minor) at 14:19, J.T. Brown (Leh) for High sticking (Minor) at 17:48
Goalie Stats
Connor Hellebyuk (Roc), 30 saves from 35 shots - (0.857), L, 6-5-0, 60:00 minutes
Zachary Fucale (Leh), 31 saves from 35 shots - (0.886), W, 3-6-3, 60:00 minutes
Players Stats for Americans
Player Name G A P +/- PIM S H SB GA TA FO MP PP MP PK MP
------------------------------------------------------------------------------------
Alex Schoenborn 1 0 1 1 0 3 1 0 0 0 0/0 6:21 0:15 0:00
Daniel Sprong 0 0 0 -1 0 2 0 0 1 0 0/1 10:35 0:00 0:00
Devon Teows 0 0 0 0 0 2 4 1 0 2 0/0 28:41 4:39 3:08
Dillon Heatherington 0 0 0 0 0 0 1 0 0 0 0/0 28:41 4:39 3:08
Gianni Fairbrother 0 0 0 -1 0 0 0 0 0 0 0/0 12:14 0:00 0:59
Jakob Pelletier 0 0 0 1 0 0 0 0 0 0 0/0 6:21 0:15 0:00
Justin Bailey 0 3 3 -1 2 5 3 0 2 0 2/5 22:20 4:16 2:13
Kevin Fiala 0 2 2 -1 0 3 1 0 0 0 1/1 20:22 4:01 0:57
Matt Grzelcyk 0 1 1 -1 0 3 2 0 0 1 0/0 20:23 3:22 2:49
Maxim Mamin 0 0 0 1 0 2 0 0 0 0 2/2 8:12 0:00 1:47
Michael McCarron 1 0 1 0 2 2 2 0 0 0 1/10 17:47 3:45 0:42
Nathan Noel 0 0 0 -1 0 1 1 0 0 0 2/6 10:35 0:00 0:00
Richard Nejezchleb 0 0 0 -1 0 0 1 1 1 0 0/0 16:46 3:45 0:00
Ryan Fitzgerald 2 0 2 -2 0 5 0 0 0 0 14/36 20:57 4:01 1:15
Spencer Stastney 0 1 1 -1 2 1 2 0 0 0 0/0 19:23 3:22 1:50
Teemu Pulkkinen 0 1 1 0 0 0 2 0 3 1 0/0 20:20 3:45 3:14
Vladimir Tkachev 0 0 0 -2 0 5 1 1 2 0 0/0 13:06 0:00 1:46
Xavier Bouchard 0 0 0 -1 0 1 0 0 0 0 0/0 10:56 0:00 0:00
Players Stats for Phantoms
Player Name G A P +/- PIM S H SB GA TA FO MP PP MP PK MP
------------------------------------------------------------------------------------
A.J. Greer 0 0 0 2 0 1 0 0 0 0 0/1 10:24 0:00 0:59
Blake Heinrich 0 2 2 1 0 2 4 0 1 3 0/0 26:00 3:25 4:55
Brett Murray 1 1 2 0 0 3 0 1 0 0 0/0 7:13 0:00 0:00
Cristoval Nieves 1 0 1 1 2 5 2 0 0 0 10/15 18:06 2:40 1:55
David Kampf 1 0 1 2 0 3 2 0 0 0 2/3 9:52 0:00 0:14
J.T. Brown 0 0 0 1 2 1 0 0 0 2 0/0 15:44 0:00 2:08
Joe Snively 0 0 0 -1 0 5 1 1 1 0 2/3 19:05 3:17 0:00
Laurent Dauphin 0 1 1 0 0 1 0 0 1 1 2/3 7:13 0:00 0:00
Lucas Wallmarkk 0 0 0 -1 0 0 4 0 0 0 20/32 23:27 3:17 4:30
Matt Kiersted 0 0 0 0 0 1 0 0 0 0 0/0 18:37 2:32 3:06
Mikko Lehtonen 1 0 1 1 0 1 1 0 0 0 0/0 21:58 3:25 0:00
Nick Sorensen 0 0 0 2 0 1 1 0 0 0 1/1 12:24 2:40 0:00
Oliver Wahlstrom 0 1 1 0 0 0 1 1 0 0 0/0 7:13 0:00 0:00
Rem Pitlick 0 3 3 1 2 5 2 0 0 1 2/3 17:44 2:40 1:46
Riley Stillman 0 1 1 1 0 0 0 0 0 0 0/0 18:31 0:00 3:06
Rinat Valiev 1 0 1 0 2 2 0 2 0 0 0/0 19:02 2:32 3:29
Sven Andrighetto 0 0 0 -1 0 2 2 0 1 1 0/0 23:27 3:17 4:30
Ty Smith 0 0 0 1 2 2 0 1 0 1 0/0 15:54 0:00 1:26
3 Stars
1 - David Kampf (Leh)
2 - Blake Heinrich (Leh)
3 - Rem Pitlick (Leh)
Power Play
Americans - 1 on 5 Attempt(s) - 20.00%
Phantoms - 0 on 3 Attempt(s) - 0.00%
Penalty Kill
Americans - 3 on 3 Attempt(s) - 100.00%
- Score 0 goal in Penalty Kill
Phantoms - 4 on 5 Attempt(s) - 80.00%
- Score 0 goal in Penalty Kill
Team Stat
Americans - Hits : 21 - Faceoff Wins : 22 - Blocked Shots : 3 - Penalty Minutes : 6
Phantoms - Hits : 20 - Faceoff Wins : 39 - Blocked Shots : 6 - Penalty Minutes : 10
Official
Referees : Trevor Hanson and Ian Walsh
Linesman : Derek Amell and Michel Cormier
Game Notes
8:49 of 3rd period - Americans goal is going for a video replay. After video review, No Goal. The attacking player has interfered with a goalkeeper in his goal crease.
Finance
Level 1 -- Attendance: 1899 (94.95%) -- Ticket Income $132,930
Level 2 -- Attendance: 896 (89.60%) -- Ticket Income $35,840
Total Attendance: 2795 (93.17%)
Total Ticket Income: $168,770
Other Income: $8,438
Total Income: $177,208
Americans
5 vs 5 Forward
Center Left Wing Right Wing Time % Phy DF OF
1 Ryan Fitzgerald Justin Bailey Kevin Fiala 40 1 2 2
2 Michael McCarron Teemu Pulkkinen Richard Nejezchleb 30 1 2 2
3 Nathan Noel Vladimir Tkachev Daniel Sprong 20 1 2 2
4 Maxim Mamin Jakob Pelletier Alex Schoenborn 10 1 2 2
5 vs 5 Defense
Defense Defense Time % Phy DF OF
1 Dillon Heatherington Devon Teows 40 1 2 2
2 Matt Grzelcyk Spencer Stastney 30 1 2 2
3 Xavier Bouchard Gianni Fairbrother 20 1 2 2
4 Dillon Heatherington Devon Teows 10 1 2 2
PowerPlay Forward
Center Left Wing Right Wing Time % Phy DF OF
1 Ryan Fitzgerald Justin Bailey Kevin Fiala 60 1 2 2
2 Michael McCarron Teemu Pulkkinen Richard Nejezchleb 40 1 2 2
PowerPlay Defense
Defense Defense Time % Phy DF OF
1 Dillon Heatherington Devon Teows 60 1 2 2
2 Matt Grzelcyk Spencer Stastney 40 1 2 2
Penalty Kill 4 Players Forward
Center Wing Time % Phy DF OF
1 Justin Bailey Teemu Pulkkinen 60 1 2 2
2 Kevin Fiala Ryan Fitzgerald 40 1 2 2
Penalty Kill 4 Players Defense
Defense Defense Time % Phy DF OF
1 Dillon Heatherington Devon Teows 60 1 2 2
2 Matt Grzelcyk Spencer Stastney 40 1 2 2
Penalty Kill - 3 Players Forward
Forward Time % Phy DF OF
1 Justin Bailey 60 1 2 2
2 Teemu Pulkkinen 40 1 2 2
Penalty Kill - 3 Players Defense
Defense Defense Time % Phy DF OF
1 Dillon Heatherington Devon Teows 60 1 2 2
2 Matt Grzelcyk Spencer Stastney 40 1 2 2
4 vs 4 Forward
Center Wing Time % Phy DF OF
1 Justin Bailey Teemu Pulkkinen 60 1 2 2
2 Kevin Fiala Ryan Fitzgerald 40 1 2 2
4 vs 4 Defense
Defense Defense Time % Phy DF OF
1 Dillon Heatherington Devon Teows 60 1 2 2
2 Matt Grzelcyk Spencer Stastney 40 1 2 2
Last Minutes Offensive
Center Left Wing Right Wing Defense Defense
Ryan Fitzgerald Justin Bailey Kevin Fiala Dillon Heatherington Devon Teows
Last Minutes Defensive
Center Left Wing Right Wing Defense Defense
Ryan Fitzgerald Justin Bailey Kevin Fiala Dillon Heatherington Devon Teows
Goaltenders
Starting : Connor Hellebyuk
Backup : Peyton Jones
Extra Forwards
Normal : Ryan Fitzgerald, Kevin Fiala, Justin Bailey - PP : Justin Bailey, Jakob Pelletier - PK : Justin Bailey
Extra Defensemen
Normal : Xavier Bouchard, Gianni Fairbrother, Matt Grzelcyk - PP : Xavier Bouchard - PK : Gianni Fairbrother, Matt Grzelcyk
Penalty Shots
Justin Bailey, Teemu Pulkkinen, Kevin Fiala, Ryan Fitzgerald, Richard Nejezchleb
Custom OT Lines Forwards
Justin Bailey, Teemu Pulkkinen, Kevin Fiala, Ryan Fitzgerald, Richard Nejezchleb, Michael McCarron, Vladimir Tkachev, Nathan Noel, Maxim Mamin, Daniel Sprong
Custom OT Lines Defensemen
Dillon Heatherington, Devon Teows, Matt Grzelcyk, Spencer Stastney, Xavier Bouchard
Scratches
Jonas Brodin (Healthy), Peyton Krebs (Healthy), Dmitri Semykin (Healthy), Zachary Senyshyn (Healthy), John Leonard (Healthy)
Joel Teasdale (Healthy), Lauri Pajuniemi (Healthy), Anthony Romano (Healthy), Austin Wong (Healthy), Christopher Paquette (Healthy)
Samuel Bolduc (Healthy), Daniel Bukac (Healthy), Felix Bibeau (Healthy), Simon Holmstrom (Healthy)
Phantoms
5 vs 5 Forward
Center Left Wing Right Wing Time % Phy DF OF
1 Lucas Wallmarkk Joe Snively Sven Andrighetto 42 0 2 3
2 Cristoval Nieves J.T. Brown Rem Pitlick 33 1 2 2
3 David Kampf Nick Sorensen A.J. Greer 20 1 2 2
4 Laurent Dauphin Brett Murray Oliver Wahlstrom 5 1 2 2
5 vs 5 Defense
Defense Defense Time % Phy DF OF
1 Blake Heinrich Mikko Lehtonen 40 1 2 2
2 Rinat Valiev Matt Kiersted 30 1 2 2
3 Riley Stillman Ty Smith 25 1 2 2
4 Rinat Valiev Mikko Lehtonen 5 1 2 2
PowerPlay Forward
Center Left Wing Right Wing Time % Phy DF OF
1 Lucas Wallmarkk Joe Snively Sven Andrighetto 60 1 1 3
2 Cristoval Nieves Nick Sorensen Rem Pitlick 40 1 1 3
PowerPlay Defense
Defense Defense Time % Phy DF OF
1 Blake Heinrich Mikko Lehtonen 60 1 1 3
2 Rinat Valiev Matt Kiersted 40 1 1 3
Penalty Kill 4 Players Forward
Center Wing Time % Phy DF OF
1 Lucas Wallmarkk Sven Andrighetto 60 1 4 0
2 Cristoval Nieves J.T. Brown 40 1 4 0
Penalty Kill 4 Players Defense
Defense Defense Time % Phy DF OF
1 Blake Heinrich Rinat Valiev 60 1 4 0
2 Riley Stillman Matt Kiersted 40 1 4 0
Penalty Kill - 3 Players Forward
Forward Time % Phy DF OF
1 Lucas Wallmarkk 60 1 2 2
2 J.T. Brown 40 1 2 2
Penalty Kill - 3 Players Defense
Defense Defense Time % Phy DF OF
1 Blake Heinrich Rinat Valiev 60 1 2 2
2 Riley Stillman Matt Kiersted 40 1 2 2
4 vs 4 Forward
Center Wing Time % Phy DF OF
1 Lucas Wallmarkk Joe Snively 60 1 2 2
2 Cristoval Nieves Sven Andrighetto 40 1 2 2
4 vs 4 Defense
Defense Defense Time % Phy DF OF
1 Blake Heinrich Mikko Lehtonen 60 1 2 2
2 Rinat Valiev Matt Kiersted 40 1 2 2
Last Minutes Offensive
Center Left Wing Right Wing Defense Defense
Lucas Wallmarkk Joe Snively Sven Andrighetto Blake Heinrich Rinat Valiev
Last Minutes Defensive
Center Left Wing Right Wing Defense Defense
Lucas Wallmarkk J.T. Brown Sven Andrighetto Blake Heinrich Rinat Valiev
Goaltenders
Starting : Zachary Fucale
Backup : Kevin Lankinen
Extra Forwards
Normal : Joe Snively, J.T. Brown, Nick Sorensen - PP : Joe Snively, Rem Pitlick - PK : Rem Pitlick
Extra Defensemen
Normal : Blake Heinrich, Rinat Valiev, Ty Smith - PP : Mikko Lehtonen - PK : Blake Heinrich, Rinat Valiev
Penalty Shots
Joe Snively, Sven Andrighetto, Nick Sorensen, Lucas Wallmarkk, Rem Pitlick
Custom OT Lines Forwards
Sven Andrighetto, Joe Snively, Lucas Wallmarkk, J.T. Brown, Cristoval Nieves, Rem Pitlick, Nick Sorensen, David Kampf, Oliver Wahlstrom, A.J. Greer
Custom OT Lines Defensemen
Blake Heinrich, Mikko Lehtonen, Rinat Valiev, Matt Kiersted, Riley Stillman
Scratches
Anthony Angello (Healthy), Benoit-Olivier Groulx (Healthy), Cooper Marody (Healthy), Morgan Klimchuk (Bruised Left Arm Injury), Victor Berglund (Healthy)
Fabian Zetterlund (Healthy), David Gustafsson (Healthy), Josiah Slavin (Healthy), Cam York (Healthy), Kaedan Korczak (Healthy)
Danil Zhuravlyov (Healthy), Alex Beaucage (Healthy), Arsen Khisamutdinov (Healthy), Jacob Ingham (Healthy), Zachary Sawchenko (Healthy)
% Time on Ice - Americans
Lines # - Real PCT - Wanted PCT - Time Play
Normal Forward
1 - 35% - 40% - 16:11
2 - 28% - 30% - 13:01
3 - 23% - 20% - 10:35
4 - 13% - 10% - 6:06
Normal Defense
1 - 42% - 40% - 19:08
2 - 31% - 30% - 14:03
3 - 24% - 20% - 10:56
4 - 4% - 10% - 1:46
PP Forward
1 - 53% - 60% - 4:16
2 - 47% - 40% - 3:45
PP Defense
1 - 58% - 60% - 4:39
2 - 42% - 40% - 3:22
PK Forward
1 - 84% - 60% - 5:00
2 - 16% - 40% - 0:57
PK Defense
1 - 53% - 60% - 3:08
2 - 47% - 40% - 2:49
PK3 Forward
1 - 0% - 60%
2 - 0% - 40%
PK3 Defense
1 - 0% - 60%
2 - 0% - 40%
44 Forward
1 - 0% - 60%
2 - 0% - 40%
44 Defense
1 - 0% - 60%
2 - 0% - 40%
Last Minute Offensive - 0:09
Last Minute Defensive - 0:00
Total
Forward - 60:00
Defense - 60:00
|
% Time on Ice - Phantoms
Lines # - Real PCT - Wanted PCT - Time Play
Normal Forward
1 - 34% - 42% - 15:40
2 - 30% - 33% - 13:32
3 - 21% - 20% - 9:25
4 - 16% - 5% - 7:13
Normal Defense
1 - 39% - 40% - 17:44
2 - 28% - 30% - 12:57
3 - 31% - 25% - 14:13
4 - 2% - 5% - 0:56
PP Forward
1 - 55% - 60% - 3:17
2 - 45% - 40% - 2:40
PP Defense
1 - 57% - 60% - 3:25
2 - 43% - 40% - 2:32
PK Forward
1 - 68% - 60% - 5:29
2 - 32% - 40% - 2:32
PK Defense
1 - 61% - 60% - 4:55
2 - 39% - 40% - 3:06
PK3 Forward
1 - 0% - 60%
2 - 0% - 40%
PK3 Defense
1 - 0% - 60%
2 - 0% - 40%
44 Forward
1 - 0% - 60%
2 - 0% - 40%
44 Defense
1 - 0% - 60%
2 - 0% - 40%
Last Minute Offensive - 0:00
Last Minute Defensive - 0:12
Total
Forward - 60:00
Defense - 60:00
|
Play-by-Play
1st period
0:01 of 1st period - Lucas Wallmarkk wins face-off versus Ryan Fitzgerald in neutral zone.
0:33 of 1st period - Snap shot by Cristoval Nieves.
0:33 of 1st period - Shot Misses the Net.
0:35 of 1st period - Snap shot by Cristoval Nieves.
0:35 of 1st period - Stopped by Connor Hellebyuk with a rebound.
0:57 of 1st period - Off-side.
0:58 of 1st period - Maxim Mamin wins face-off versus A.J. Greer in neutral zone.
1:14 of 1st period - Icing by Riley Stillman.
1:15 of 1st period - Ryan Fitzgerald wins face-off versus David Kampf in Phantoms zone.
1:42 of 1st period - Sven Andrighetto is hit by Teemu Pulkkinen and loses puck.
1:53 of 1st period - Snap shot by Joe Snively.
1:53 of 1st period - Stopped by Connor Hellebyuk with a rebound.
2:08 of 1st period - Icing by Devon Teows.
2:09 of 1st period - Cristoval Nieves wins face-off versus Nathan Noel in Americans zone.
2:14 of 1st period - Snap shot by Rem Pitlick.
2:14 of 1st period - Stopped by Connor Hellebyuk without a rebound.
2:15 of 1st period - Joe Snively wins face-off versus Ryan Fitzgerald in Americans zone.
2:16 of 1st period - Snap shot by Lucas Wallmarkk.
2:16 of 1st period - Shot Misses the Net.
2:45 of 1st period - Slapshot by Vladimir Tkachev.
2:45 of 1st period - Shot Misses the Net.
3:01 of 1st period - Rinat Valiev is hit by Matt Grzelcyk and loses puck.
3:20 of 1st period - Snap shot by Maxim Mamin.
3:20 of 1st period - Shot Blocked by Brett Murray.
3:22 of 1st period - Snap shot by Matt Grzelcyk.
3:22 of 1st period - Shot Misses the Net.
3:24 of 1st period - Snap shot by Spencer Stastney.
3:24 of 1st period - Stopped by Zachary Fucale with a rebound.
3:26 of 1st period - Wrist shot by Maxim Mamin.
3:26 of 1st period - Shot Misses the Net.
3:44 of 1st period - Rinat Valiev is hit by Kevin Fiala and loses puck.
4:03 of 1st period - Snap shot by Oliver Wahlstrom.
4:03 of 1st period - Shot Misses the Net.
4:11 of 1st period - Wrist shot by Vladimir Tkachev.
4:11 of 1st period - Stopped by Zachary Fucale without a rebound.
4:12 of 1st period - Justin Bailey wins face-off versus Lucas Wallmarkk in Phantoms zone.
5:07 of 1st period - Wrist shot by Alex Schoenborn.
5:07 of 1st period - Stopped by Zachary Fucale without a rebound.
5:08 of 1st period - Lucas Wallmarkk wins face-off versus Ryan Fitzgerald in Phantoms zone.
5:56 of 1st period - Snap shot by Nick Sorensen.
5:56 of 1st period - Shot Blocked by Richard Nejezchleb.
6:00 of 1st period - Wrist shot by David Kampf.
6:00 of 1st period - Shot Misses the Net.
6:02 of 1st period - Slapshot by Matt Kiersted.
6:02 of 1st period - Deflect By Dillon Heatherington.
6:02 of 1st period - Stopped by Connor Hellebyuk without a rebound.
6:03 of 1st period - Lucas Wallmarkk wins face-off versus Ryan Fitzgerald in Americans zone.
6:25 of 1st period - Minor Penalty to Rinat Valiev for Tripping.
6:26 of 1st period - Lucas Wallmarkk wins face-off versus Ryan Fitzgerald in Phantoms zone.
6:37 of 1st period - Dillon Heatherington is hit by Lucas Wallmarkk and loses puck.
8:25 of 1st period - Penalty to Rinat Valiev is over, Rinat Valiev is back on ice.
8:32 of 1st period - Wrist shot by Laurent Dauphin.
8:32 of 1st period - Shot Misses the Net.
8:40 of 1st period - Matt Kiersted is hit by Spencer Stastney and loses puck.
8:55 of 1st period - Slapshot by David Kampf.
8:55 of 1st period - Stopped by Connor Hellebyuk with a rebound.
9:09 of 1st period - Rem Pitlick is hit by Vladimir Tkachev.
9:15 of 1st period - Slapshot by Rem Pitlick.
9:15 of 1st period - Shot Misses the Net.
9:41 of 1st period - Spencer Stastney is hit by Mikko Lehtonen.
9:45 of 1st period - Nick Sorensen is hit by Dillon Heatherington and loses puck.
10:11 of 1st period - Sven Andrighetto is hit by Alex Schoenborn and loses puck.
10:23 of 1st period - Spencer Stastney is hit by Joe Snively and loses puck.
10:28 of 1st period - Snap shot by Joe Snively.
10:28 of 1st period - Shot Misses the Net.
10:38 of 1st period - Snap shot by Lucas Wallmarkk.
10:38 of 1st period - Deflect By Joe Snively.
10:38 of 1st period - Shot Misses the Net.
10:38 of 1st period - Puck is out of play.
10:39 of 1st period - Cristoval Nieves wins face-off versus Ryan Fitzgerald in Americans zone.
10:42 of 1st period - Snap shot by Cristoval Nieves.
10:42 of 1st period - Stopped by Connor Hellebyuk with a rebound.
11:08 of 1st period - Teemu Pulkkinen is hit by Blake Heinrich and loses puck.
11:17 of 1st period - Snap shot by A.J. Greer.
11:17 of 1st period - Shot Misses the Net.
11:38 of 1st period - Slapshot by Daniel Sprong.
11:38 of 1st period - Stopped by Zachary Fucale with a rebound.
12:58 of 1st period - Snap shot by Daniel Sprong.
12:58 of 1st period - Shot Misses the Net.
13:00 of 1st period - Snap shot by Vladimir Tkachev.
13:00 of 1st period - Stopped by Zachary Fucale with a rebound.
13:02 of 1st period - Slapshot by Spencer Stastney.
13:02 of 1st period - Shot Misses the Net.
13:04 of 1st period - Snap shot by Matt Grzelcyk.
13:04 of 1st period - Deflect By Vladimir Tkachev.
13:04 of 1st period - Shot Misses the Net.
13:04 of 1st period - Puck is out of play.
13:05 of 1st period - Ryan Fitzgerald wins face-off versus Lucas Wallmarkk in Phantoms zone.
13:08 of 1st period - Snap shot by Justin Bailey.
13:08 of 1st period - Stopped by Zachary Fucale with a rebound.
13:10 of 1st period - Wrist shot by Dillon Heatherington.
13:10 of 1st period - Shot Misses the Net.
13:12 of 1st period - Slapshot by Justin Bailey.
13:12 of 1st period - Stopped by Zachary Fucale with a rebound.
13:14 of 1st period - Snap shot by Ryan Fitzgerald.
13:14 of 1st period - Stopped by Zachary Fucale without a rebound.
13:15 of 1st period - Ryan Fitzgerald wins face-off versus Lucas Wallmarkk in Phantoms zone.
13:30 of 1st period - Wrist shot by Justin Bailey.
13:30 of 1st period - Deflect By Kevin Fiala.
13:30 of 1st period - Shot Misses the Net.
13:30 of 1st period - Puck is out of play.
13:31 of 1st period - Cristoval Nieves wins face-off versus Michael McCarron in Phantoms zone.
13:33 of 1st period - Minor Penalty to Cristoval Nieves for Roughing.
13:34 of 1st period - Ryan Fitzgerald wins face-off versus Lucas Wallmarkk in Phantoms zone.
14:08 of 1st period - Teemu Pulkkinen is hit by Rem Pitlick and loses puck.
15:33 of 1st period - Penalty to Cristoval Nieves is over, Cristoval Nieves is back on ice.
15:36 of 1st period - J.T. Brown is hit by Devon Teows and loses puck.
15:45 of 1st period - Snap shot by Vladimir Tkachev.
15:45 of 1st period - Stopped by Zachary Fucale without a rebound.
15:46 of 1st period - Nathan Noel wins face-off versus Laurent Dauphin in Phantoms zone.
15:59 of 1st period - Wrist shot by Oliver Wahlstrom.
15:59 of 1st period - Deflect By Laurent Dauphin.
15:59 of 1st period - Stopped by Connor Hellebyuk without a rebound.
16:00 of 1st period - Ryan Fitzgerald wins face-off versus Lucas Wallmarkk in Americans zone.
16:16 of 1st period - Off-side.
16:17 of 1st period - Cristoval Nieves wins face-off versus Michael McCarron in neutral zone.
16:20 of 1st period - Wrist shot by Rem Pitlick.
16:20 of 1st period - Stopped by Connor Hellebyuk with a rebound.
16:35 of 1st period - Minor Penalty to Ty Smith for Hooking.
16:36 of 1st period - Lucas Wallmarkk wins face-off versus Ryan Fitzgerald in Phantoms zone.
16:46 of 1st period - Snap shot by Ryan Fitzgerald.
16:46 of 1st period - Shot Misses the Net.
17:08 of 1st period - Sven Andrighetto is hit by Michael McCarron and loses puck.
17:53 of 1st period - Icing by Richard Nejezchleb.
17:54 of 1st period - Cristoval Nieves wins face-off versus Michael McCarron in Americans zone.
18:05 of 1st period - Snap shot by Cristoval Nieves.
18:05 of 1st period - Stopped by Connor Hellebyuk without a rebound.
18:06 of 1st period - Lucas Wallmarkk wins face-off versus Ryan Fitzgerald in Americans zone.
18:25 of 1st period - Lucas Wallmarkk is hit by Teemu Pulkkinen and loses puck.
18:35 of 1st period - Penalty to Ty Smith is over, Ty Smith is back on ice.
18:50 of 1st period - Snap shot by Rem Pitlick.
18:50 of 1st period - Shot Blocked by Vladimir Tkachev.
Goals for this period are 0 for Americans vs 0 for Phantoms.
Shots for this period are 9 for Americans vs 9 for Phantoms.
2nd period
0:01 of 2nd period - Lucas Wallmarkk wins face-off versus Ryan Fitzgerald in neutral zone.
0:25 of 2nd period - Backhand shot by Matt Grzelcyk.
0:25 of 2nd period - Stopped by Zachary Fucale with a rebound.
0:27 of 2nd period - Slapshot by Matt Grzelcyk.
0:27 of 2nd period - Stopped by Zachary Fucale without a rebound.
0:28 of 2nd period - Cristoval Nieves wins face-off versus Nathan Noel in Phantoms zone.
0:53 of 2nd period - Wrist shot by Teemu Pulkkinen.
0:53 of 2nd period - Shot Hit the Post.
1:03 of 2nd period - Michael McCarron is hit by Rem Pitlick and loses puck.
1:14 of 2nd period - Slapshot by Rem Pitlick.
1:14 of 2nd period - Stopped by Connor Hellebyuk without a rebound.
1:15 of 2nd period - Ryan Fitzgerald wins face-off versus Lucas Wallmarkk in Americans zone.
1:22 of 2nd period - Snap shot by Ryan Fitzgerald.
1:22 of 2nd period - Goal by Ryan Fitzgerald - Americans : 1 - Phantoms : 0.
1:23 of 2nd period - Ryan Fitzgerald wins face-off versus Joe Snively in neutral zone.
1:25 of 2nd period - Off-side.
1:26 of 2nd period - Ryan Fitzgerald wins face-off versus Lucas Wallmarkk in neutral zone.
1:29 of 2nd period - Wrist shot by Kevin Fiala.
1:29 of 2nd period - Stopped by Zachary Fucale without a rebound.
1:30 of 2nd period - Lucas Wallmarkk wins face-off versus Ryan Fitzgerald in Phantoms zone.
1:43 of 2nd period - Wrist shot by Joe Snively.
1:43 of 2nd period - Stopped by Connor Hellebyuk with a rebound.
1:57 of 2nd period - Slapshot by Joe Snively.
1:57 of 2nd period - Shot Misses the Net.
1:59 of 2nd period - Slapshot by Mikko Lehtonen.
1:59 of 2nd period - Deflect By Sven Andrighetto.
1:59 of 2nd period - Stopped by Connor Hellebyuk with a rebound.
2:07 of 2nd period - Wrist shot by Joe Snively.
2:07 of 2nd period - Shot Blocked by Devon Teows.
2:13 of 2nd period - Snap shot by Lucas Wallmarkk.
2:13 of 2nd period - Shot Misses the Net.
2:15 of 2nd period - Wrist shot by Joe Snively.
2:15 of 2nd period - Stopped by Connor Hellebyuk without a rebound.
2:16 of 2nd period - Ryan Fitzgerald wins face-off versus Cristoval Nieves in Americans zone.
2:32 of 2nd period - Off-side.
2:33 of 2nd period - Nick Sorensen wins face-off versus Michael McCarron in neutral zone.
2:38 of 2nd period - Slapshot by David Kampf.
2:38 of 2nd period - Shot Misses the Net.
2:40 of 2nd period - Slapshot by Ty Smith.
2:40 of 2nd period - Stopped by Connor Hellebyuk without a rebound.
2:41 of 2nd period - David Kampf wins face-off versus Michael McCarron in Americans zone.
3:47 of 2nd period - Devon Teows is hit by Blake Heinrich and loses puck.
3:54 of 2nd period - Wrist shot by Nick Sorensen.
3:54 of 2nd period - Shot Misses the Net.
3:56 of 2nd period - Slapshot by Matt Kiersted.
3:56 of 2nd period - Shot Misses the Net.
3:58 of 2nd period - Wrist shot by David Kampf.
3:58 of 2nd period - Stopped by Connor Hellebyuk without a rebound.
3:59 of 2nd period - Lucas Wallmarkk wins face-off versus Ryan Fitzgerald in Americans zone.
4:28 of 2nd period - Slapshot by Vladimir Tkachev.
4:28 of 2nd period - Shot Misses the Net.
4:30 of 2nd period - Snap shot by Xavier Bouchard.
4:30 of 2nd period - Stopped by Zachary Fucale without a rebound.
4:31 of 2nd period - Nathan Noel wins face-off versus Cristoval Nieves in Phantoms zone.
4:37 of 2nd period - Icing by Mikko Lehtonen.
4:38 of 2nd period - Cristoval Nieves wins face-off versus Ryan Fitzgerald in Phantoms zone.
4:42 of 2nd period - Rem Pitlick is hit by Spencer Stastney and loses puck.
5:17 of 2nd period - Sven Andrighetto is hit by Michael McCarron and loses puck.
6:16 of 2nd period - Off-side.
6:17 of 2nd period - Laurent Dauphin wins face-off versus Ryan Fitzgerald in neutral zone.
6:50 of 2nd period - Snap shot by Brett Murray.
6:50 of 2nd period - Shot Misses the Net.
6:52 of 2nd period - Slapshot by Rinat Valiev.
6:52 of 2nd period - Stopped by Connor Hellebyuk with a rebound.
6:54 of 2nd period - Snap shot by Brett Murray.
6:54 of 2nd period - Shot Misses the Net.
6:56 of 2nd period - Snap shot by Rinat Valiev.
6:56 of 2nd period - Goal by Rinat Valiev - Americans : 1 - Phantoms : 1.
6:57 of 2nd period - Lucas Wallmarkk wins face-off versus Michael McCarron in neutral zone.
7:43 of 2nd period - Slapshot by Rem Pitlick.
7:43 of 2nd period - Stopped by Connor Hellebyuk with a rebound.
7:45 of 2nd period - Snap shot by A.J. Greer.
7:45 of 2nd period - Shot Misses the Net.
7:49 of 2nd period - Snap shot by David Kampf.
7:49 of 2nd period - Shot Misses the Net.
7:51 of 2nd period - Backhand shot by David Kampf.
7:51 of 2nd period - Shot Misses the Net.
8:09 of 2nd period - Wrist shot by Jakob Pelletier.
8:09 of 2nd period - Deflect By Alex Schoenborn.
8:09 of 2nd period - Stopped by Zachary Fucale with a rebound.
8:23 of 2nd period - Sven Andrighetto is hit by Richard Nejezchleb and loses puck.
8:52 of 2nd period - Slapshot by Ryan Fitzgerald.
8:52 of 2nd period - Stopped by Zachary Fucale with a rebound.
9:00 of 2nd period - Kevin Fiala is hit by Cristoval Nieves.
9:12 of 2nd period - Wrist shot by Nathan Noel.
9:12 of 2nd period - Shot Blocked by Rinat Valiev.
9:56 of 2nd period - Wrist shot by Maxim Mamin.
9:56 of 2nd period - Shot Misses the Net.
9:58 of 2nd period - Slapshot by Devon Teows.
9:58 of 2nd period - Stopped by Zachary Fucale without a rebound.
9:59 of 2nd period - Cristoval Nieves wins face-off versus Ryan Fitzgerald in Phantoms zone.
10:25 of 2nd period - Michael McCarron is hit by Sven Andrighetto.
10:48 of 2nd period - Wrist shot by Vladimir Tkachev.
10:48 of 2nd period - Stopped by Zachary Fucale with a rebound.
11:10 of 2nd period - Slapshot by Alex Schoenborn.
11:10 of 2nd period - Goal by Alex Schoenborn - Americans : 2 - Phantoms : 1.
11:11 of 2nd period - Ryan Fitzgerald wins face-off versus Lucas Wallmarkk in neutral zone.
11:22 of 2nd period - Wrist shot by Joe Snively.
11:22 of 2nd period - Shot Misses the Net.
11:24 of 2nd period - Snap shot by Sven Andrighetto.
11:24 of 2nd period - Stopped by Connor Hellebyuk with a rebound.
11:26 of 2nd period - Slapshot by Blake Heinrich.
11:26 of 2nd period - Stopped by Connor Hellebyuk with a rebound.
11:28 of 2nd period - Snap shot by Joe Snively.
11:28 of 2nd period - Shot Misses the Net.
12:02 of 2nd period - Snap shot by Mikko Lehtonen.
12:02 of 2nd period - Goal by Mikko Lehtonen - Americans : 2 - Phantoms : 2.
12:03 of 2nd period - Lucas Wallmarkk wins face-off versus Ryan Fitzgerald in neutral zone.
12:06 of 2nd period - Kevin Fiala is hit by Lucas Wallmarkk and loses puck.
13:20 of 2nd period - Snap shot by Nathan Noel.
13:20 of 2nd period - Stopped by Zachary Fucale with a rebound.
13:24 of 2nd period - Snap shot by Vladimir Tkachev.
13:24 of 2nd period - Stopped by Zachary Fucale with a rebound.
13:46 of 2nd period - Snap shot by Matt Grzelcyk.
13:46 of 2nd period - Stopped by Zachary Fucale with a rebound.
14:00 of 2nd period - Snap shot by Justin Bailey.
14:00 of 2nd period - Stopped by Zachary Fucale with a rebound.
14:02 of 2nd period - Snap shot by Justin Bailey.
14:02 of 2nd period - Stopped by Zachary Fucale without a rebound.
14:03 of 2nd period - Ryan Fitzgerald wins face-off versus Lucas Wallmarkk in Phantoms zone.
14:08 of 2nd period - Wrist shot by Ryan Fitzgerald.
14:08 of 2nd period - Stopped by Zachary Fucale without a rebound.
14:09 of 2nd period - Lucas Wallmarkk wins face-off versus Ryan Fitzgerald in Phantoms zone.
14:09 of 2nd period - Lucas Wallmarkk is hit by Justin Bailey.
14:44 of 2nd period - Minor Penalty to Michael McCarron for Hooking.
14:45 of 2nd period - Lucas Wallmarkk wins face-off versus Justin Bailey in Americans zone.
15:01 of 2nd period - Slapshot by Justin Bailey.
15:01 of 2nd period - Deflect By Lucas Wallmarkk.
15:01 of 2nd period - Stopped by Zachary Fucale with a rebound.
15:11 of 2nd period - Justin Bailey is hit by Cristoval Nieves and loses puck.
15:22 of 2nd period - Matt Grzelcyk is hit by Blake Heinrich.
16:44 of 2nd period - Penalty to Michael McCarron is over, Michael McCarron is back on ice.
16:52 of 2nd period - Matt Kiersted is hit by Devon Teows and loses puck.
16:59 of 2nd period - Snap shot by Justin Bailey.
16:59 of 2nd period - Shot Misses the Net.
17:01 of 2nd period - Snap shot by Michael McCarron.
17:01 of 2nd period - Shot Blocked by Rinat Valiev.
17:03 of 2nd period - Slapshot by Michael McCarron.
17:03 of 2nd period - Goal by Michael McCarron - Americans : 3 - Phantoms : 2.
17:04 of 2nd period - Rem Pitlick wins face-off versus Nathan Noel in neutral zone.
17:52 of 2nd period - Wrist shot by A.J. Greer.
17:52 of 2nd period - Stopped by Connor Hellebyuk without a rebound.
17:53 of 2nd period - David Kampf wins face-off versus Ryan Fitzgerald in Americans zone.
19:03 of 2nd period - Snap shot by Maxim Mamin.
19:03 of 2nd period - Stopped by Zachary Fucale with a rebound.
19:05 of 2nd period - Slapshot by Gianni Fairbrother.
19:05 of 2nd period - Shot Blocked by Oliver Wahlstrom.
19:07 of 2nd period - Slapshot by Maxim Mamin.
19:07 of 2nd period - Stopped by Zachary Fucale with a rebound.
19:11 of 2nd period - Snap shot by Alex Schoenborn.
19:11 of 2nd period - Shot Misses the Net.
19:21 of 2nd period - Wrist shot by Kevin Fiala.
19:21 of 2nd period - Shot Misses the Net.
Goals for this period are 3 for Americans vs 2 for Phantoms.
Shots for this period are 20 for Americans vs 13 for Phantoms.
3rd period
0:01 of 3rd period - Lucas Wallmarkk wins face-off versus Ryan Fitzgerald in neutral zone.
0:04 of 3rd period - Snap shot by Blake Heinrich.
0:04 of 3rd period - Stopped by Connor Hellebyuk with a rebound.
0:12 of 3rd period - Slapshot by Kevin Fiala.
0:12 of 3rd period - Deflect By Justin Bailey.
0:12 of 3rd period - Shot Blocked by Joe Snively.
0:12 of 3rd period - Puck is out of play.
0:13 of 3rd period - Joe Snively wins face-off versus Ryan Fitzgerald in Phantoms zone.
0:24 of 3rd period - Wrist shot by Kevin Fiala.
0:24 of 3rd period - Deflect By Ryan Fitzgerald.
0:24 of 3rd period - Shot Misses the Net.
0:24 of 3rd period - Puck is out of play.
0:25 of 3rd period - Lucas Wallmarkk wins face-off versus Ryan Fitzgerald in Phantoms zone.
0:30 of 3rd period - Ryan Fitzgerald is hit by Lucas Wallmarkk and loses puck.
0:51 of 3rd period - J.T. Brown is hit by Devon Teows and loses puck.
1:13 of 3rd period - Dillon Heatherington is hit by David Kampf and loses puck.
1:20 of 3rd period - Vladimir Tkachev is hit by David Kampf and loses puck.
1:28 of 3rd period - Icing by Daniel Sprong.
1:29 of 3rd period - Laurent Dauphin wins face-off versus Nathan Noel in Americans zone.
1:32 of 3rd period - Snap shot by Joe Snively.
1:32 of 3rd period - Stopped by Connor Hellebyuk with a rebound.
2:56 of 3rd period - Blake Heinrich is hit by Justin Bailey.
3:12 of 3rd period - Minor Penalty to Justin Bailey for Holding Stick.
3:13 of 3rd period - Maxim Mamin wins face-off versus Lucas Wallmarkk in Americans zone.
4:57 of 3rd period - Sven Andrighetto is hit by Devon Teows and loses puck.
5:12 of 3rd period - Penalty to Justin Bailey is over, Justin Bailey is back on ice.
5:22 of 3rd period - Wrist shot by Brett Murray.
5:22 of 3rd period - Stopped by Connor Hellebyuk with a rebound.
5:24 of 3rd period - Slapshot by Riley Stillman.
5:24 of 3rd period - Shot Misses the Net.
5:26 of 3rd period - Slapshot by Riley Stillman.
5:26 of 3rd period - Deflect By Brett Murray.
5:26 of 3rd period - Stopped by Connor Hellebyuk with a rebound.
5:28 of 3rd period - Slapshot by Oliver Wahlstrom.
5:28 of 3rd period - Deflect By Brett Murray.
5:28 of 3rd period - Goal by Brett Murray - Americans : 3 - Phantoms : 3.
5:29 of 3rd period - Rem Pitlick wins face-off versus Michael McCarron in neutral zone.
5:31 of 3rd period - Off-side.
5:32 of 3rd period - Cristoval Nieves wins face-off versus Michael McCarron in neutral zone.
5:45 of 3rd period - Wrist shot by Cristoval Nieves.
5:45 of 3rd period - Stopped by Connor Hellebyuk with a rebound.
5:47 of 3rd period - Wrist shot by J.T. Brown.
5:47 of 3rd period - Stopped by Connor Hellebyuk with a rebound.
6:27 of 3rd period - Kevin Fiala is hit by Lucas Wallmarkk and loses puck.
8:21 of 3rd period - Wrist shot by Vladimir Tkachev.
8:21 of 3rd period - Shot Misses the Net.
8:25 of 3rd period - Wrist shot by Vladimir Tkachev.
8:25 of 3rd period - Shot Misses the Net.
8:27 of 3rd period - Snap shot by Nathan Noel.
8:27 of 3rd period - Shot Misses the Net.
8:43 of 3rd period - Slapshot by Devon Teows.
8:43 of 3rd period - Stopped by Zachary Fucale with a rebound.
8:47 of 3rd period - Snap shot by Daniel Sprong.
8:47 of 3rd period - Shot Blocked by Ty Smith.
8:49 of 3rd period - Slapshot by Daniel Sprong.
8:49 of 3rd period - Americans goal is going for a video replay.
8:49 of 3rd period - The goal is refused. The attacking player has interfered with a goalkeeper in his goal crease..
8:50 of 3rd period - Ryan Fitzgerald wins face-off versus Cristoval Nieves in Phantoms zone.
9:02 of 3rd period - Wrist shot by Kevin Fiala.
9:02 of 3rd period - Stopped by Zachary Fucale with a rebound.
9:04 of 3rd period - Slapshot by Kevin Fiala.
9:04 of 3rd period - Stopped by Zachary Fucale with a rebound.
9:20 of 3rd period - Snap shot by David Kampf.
9:20 of 3rd period - Shot Misses the Net.
9:22 of 3rd period - Slapshot by David Kampf.
9:22 of 3rd period - Goal by David Kampf - Americans : 3 - Phantoms : 4.
9:23 of 3rd period - Ryan Fitzgerald wins face-off versus Cristoval Nieves in neutral zone.
9:34 of 3rd period - Snap shot by Cristoval Nieves.
9:34 of 3rd period - Shot Misses the Net.
9:36 of 3rd period - Snap shot by Cristoval Nieves.
9:36 of 3rd period - Deflect By Kevin Fiala.
9:36 of 3rd period - Goal by Cristoval Nieves - Americans : 3 - Phantoms : 5.
9:37 of 3rd period - Lucas Wallmarkk wins face-off versus Ryan Fitzgerald in neutral zone.
10:29 of 3rd period - Blake Heinrich is hit by Nathan Noel and loses puck.
11:25 of 3rd period - Off-side.
11:26 of 3rd period - Michael McCarron wins face-off versus Cristoval Nieves in neutral zone.
11:35 of 3rd period - Wrist shot by Michael McCarron.
11:35 of 3rd period - Stopped by Zachary Fucale with a rebound.
12:00 of 3rd period - Slapshot by Matt Grzelcyk.
12:00 of 3rd period - Shot Misses the Net.
12:29 of 3rd period - Minor Penalty to Rem Pitlick for Tripping.
12:30 of 3rd period - Ryan Fitzgerald wins face-off versus Lucas Wallmarkk in Phantoms zone.
12:34 of 3rd period - Slapshot by Ryan Fitzgerald.
12:34 of 3rd period - Goal by Ryan Fitzgerald - Americans : 4 - Phantoms : 5.
12:35 of 3rd period - Lucas Wallmarkk wins face-off versus Ryan Fitzgerald in neutral zone.
14:09 of 3rd period - Wrist shot by Ryan Fitzgerald.
14:09 of 3rd period - Shot Misses the Net.
14:14 of 3rd period - Off-side.
14:15 of 3rd period - Cristoval Nieves wins face-off versus Daniel Sprong in neutral zone.
14:19 of 3rd period - Minor Penalty to Spencer Stastney for Hooking.
14:20 of 3rd period - Justin Bailey wins face-off versus Lucas Wallmarkk in Americans zone.
14:20 of 3rd period - Justin Bailey is hit by Sven Andrighetto.
14:32 of 3rd period - Wrist shot by Sven Andrighetto.
14:32 of 3rd period - Shot Misses the Net.
14:52 of 3rd period - Slapshot by Blake Heinrich.
14:52 of 3rd period - Deflect By Nick Sorensen.
14:52 of 3rd period - Stopped by Connor Hellebyuk without a rebound.
14:53 of 3rd period - Kevin Fiala wins face-off versus Rem Pitlick in Americans zone.
15:02 of 3rd period - Slapshot by Ryan Fitzgerald.
15:02 of 3rd period - Deflect By Kevin Fiala.
15:02 of 3rd period - Shot Misses the Net.
15:02 of 3rd period - Puck is out of play.
15:03 of 3rd period - Lucas Wallmarkk wins face-off versus Justin Bailey in Phantoms zone.
15:30 of 3rd period - Teemu Pulkkinen is hit by Nick Sorensen and loses puck.
16:19 of 3rd period - Penalty to Spencer Stastney is over, Spencer Stastney is back on ice.
16:21 of 3rd period - Spencer Stastney is hit by Blake Heinrich.
16:29 of 3rd period - Matt Grzelcyk is hit by Oliver Wahlstrom and loses puck.
16:37 of 3rd period - Off-side.
16:38 of 3rd period - Lucas Wallmarkk wins face-off versus Michael McCarron in neutral zone.
16:51 of 3rd period - Snap shot by Joe Snively.
16:51 of 3rd period - Stopped by Connor Hellebyuk with a rebound.
17:03 of 3rd period - Wrist shot by Rem Pitlick.
17:03 of 3rd period - Stopped by Connor Hellebyuk with a rebound.
17:15 of 3rd period - David Kampf is hit by Justin Bailey and loses puck.
17:48 of 3rd period - Minor Penalty to J.T. Brown for High sticking.
17:49 of 3rd period - Lucas Wallmarkk wins face-off versus Justin Bailey in Phantoms zone.
18:20 of 3rd period - Lucas Wallmarkk is hit by Matt Grzelcyk and loses puck.
19:48 of 3rd period - Penalty to J.T. Brown is over, J.T. Brown is back on ice.
19:53 of 3rd period - Slapshot by Ty Smith.
19:53 of 3rd period - Stopped by Connor Hellebyuk with a rebound.
Goals for this period are 1 for Americans vs 3 for Phantoms.
Shots for this period are 6 for Americans vs 13 for Phantoms.
Output by the SimonT Hockey Simulator (STHS) for Francois Prevost